 Dungeon Crawl Stone Soup version 0.19-a0-1886-gd64a0f0 (webtiles) character file.

2158 Amnesiac the Ducker (level 9, -1/54 HPs)
             Began as a Halfling Assassin on Oct 15, 2016.
             Was a Believer of Okawaru.
             Killed by nerve-wracking pain
             ... invoked by an orc priest
              (13 damage)
             ... on level 7 of the Dungeon.
             The game lasted 00:15:20 (8562 turns).

Amnesiac the Ducker (Halfling Assassin)             Turns: 8562, Time: 00:15:20

Health: -1/54      AC:  6    Str: 12    XL:     9   Next: 57%
Magic:  9/9        EV: 21    Int:  9    God:    Okawaru [**....]
Gold:   215        SH:  7    Dex: 21    Spells: 0 memorised, 8 levels left

rFire  . . .     SeeInvis .     a - +2 dagger
rCold  + . .     Gourm    .     c - +1 robe
rNeg   . . .     Faith    .     g - +0 buckler
rPois  .         Spirit   .     (no helmet)
rElec  .         Dismiss  .     n - +2 cloak
rCorr  .         Reflect  .     (no gloves)
MR     .....     Harm     .     (no boots)
Stlth  ++++......               r - amulet of rage
                                (no ring)
                                k - ring of protection from cold

@: no status effects
A: agile 1, mutation resistance 1, slow regeneration 1
a: Heroism, Renounce Religion, Evoke Berserk Rage


You were on level 7 of the Dungeon.
You worshipped Okawaru.
Okawaru was pleased with you.
You were hungry.

You visited 2 branches of the dungeon, and saw 9 of its levels.

You collected 348 gold pieces.
You spent 133 gold pieces at shops.

Inventory:

Hand Weapons
 a - a +2 dagger (weapon)
 b - a +0 blowgun
Missiles
 e - 28 poisoned needles
 f - 2 curare-tipped needles
 C - 4 poisoned tomahawks
 F - a throwing net (quivered)
Armour
 c - a +1 robe (worn)
 g - a +0 buckler (worn)
 n - a +2 cloak (worn)
Rods
 h - a -1 rod of ignition (13/16)
   (You found it on level 2 of the Dungeon)
Jewellery
 k - a ring of protection from cold (left hand)
 r - an amulet of rage (around neck)
Wands
 d - a wand of disintegration (18/24)
 D - a wand of disintegration (6/24)
 E - a wand of teleportation (4/9)
Scrolls
 i - 3 scrolls of enchant armour
 l - a scroll of teleportation
 q - 3 scrolls of recharging
 s - 3 scrolls of remove curse
 v - a scroll of blinking
 y - a scroll of fear
 H - a scroll of identify
Potions
 t - 3 potions of curing
 u - 2 potions of might {unknown}
 w - a potion of invisibility {unknown}
 x - a potion of flight {unknown}
 z - a potion of heal wounds {unknown}
 B - a potion of cancellation {unknown}
 G - a potion of lignification {unknown}
Books
 o - a book of Changes

   Spells                             Type                      Level
   a - Beastly Appendage              Transmutation                1
   b - Sticks to Snakes               Transmutation                2
   c - Spider Form                    Transmutation/Poison         3
   d - Ice Form                       Ice/Transmutation            4
   e - Blade Hands                    Transmutation                5
 A - a book of Maledictions

   Spells                             Type                      Level
   a - Corona                         Hexes                        1
   b - Ensorcelled Hibernation        Hexes/Ice                    2
   c - Confuse                        Hexes                        3
   d - Tukima's Dance                 Hexes                        3
   e - Dazzling Spray                 Conjuration/Hexes            3
Comestibles
 j - 5 meat rations
 m - 2 beef jerkies
 p - 4 bread rations


   Skills:
 - Level 1.7 Fighting
 - Level 6.0 Short Blades
 - Level 6.0 Throwing
 + Level 7.3 Dodging
 - Level 6.1 Stealth
 - Level 6.1 Shields


You had 8 spell levels left.
You didn't know any spells.

Dungeon Overview and Level Annotations

Branches:
Dungeon (8/15)             Temple (1/1) D:4
   Lair: D:8-11

Altars:
Cheibriados
Dithmenos
Elyvilon
Fedhas
Gozag
Hepliaklqana
Kikubaaqudgha
Makhleb
Okawaru
Qazlal
Ru
Sif Muna
Trog
Vehumet
Xom
Yredelemnul
Zin
The Shining One

Shops:
D:4 ?

Annotations:
D:7 Amnesiac's ghost, novice HaAs


Innate Abilities, Weirdness & Mutations

You are small and have problems with some larger weapons.
You are somewhat resistant to further mutation.
You are agile. (Dex +2)
You regenerate slowly when monsters are visible.


Message History

The hound is lightly wounded.
The hound closely misses you.
The shadow imp hits you but does no damage.
The hound misses you.
A hound and an orc come into view.
You block the hound's attack. The hound completely misses you.
You block the hound's attack.
The sentinel's mark upon you fades away.
The hound bites you. The orc misses you.
An orc priest comes into view.
An orc comes into view. It is wielding a club.
The orc priest mumbles some strange prayers to Beogh against you.
Beogh smites you!
* * * LOW HITPOINT WARNING * * *
The hound completely misses you.
You hear a howl!
You feel better.
The orc priest invokes the aid of Beogh against you.
Pain shoots through your body!
You die...

##.........
######..###...#
.#......#####.#
#.........#.....
#########.....h.....##..
#...................###.
#..................## #.
#........o.........# #. #
#h@#..........# #.
...####.###........## #.
.......ho..Wo.......####.
.......5.#...............
...#####............####.
.. ###..........# ##
#..........## #
#...........####
##........#.....


You could see a howler monkey, 2 hounds, an orc priest and a shadow imp.

Vanquished Creatures
  A water moccasin (D:6)
  2 orc warriors
  A sky beast (D:7)
  A phantom (D:5)
  3 ogres
  An ice beast (D:8)
  A centaur (D:7)
  A big kobold (D:6)
  A wyvern zombie (D:8)
  A howler monkey (D:6)
  4 crimson imps
  2 hounds
  A quasit (D:6)
  3 orc priests
  A jelly (D:6)
  6 orc wizards
  A bullfrog skeleton (D:7)
  Jessica (D:3)
  2 iguanas
  5 worker ants (D:5)
  A hound skeleton (D:4)
  A worker ant zombie (D:3)
  13 adders
  A shadow imp (D:6)
  2 oozes
  2 worms (D:3)
  2 adder skeletons
  A dart slug (D:3)
  A leopard gecko (D:4)
  26 orcs
  10 bats
  21 giant cockroaches
  14 goblins
  16 hobgoblins
  8 jackals
  29 kobolds
  2 quokkas
  5 frilled lizards
  A jackal zombie (D:6)
  A leopard gecko skeleton (D:4)
  A quokka zombie (D:4)
  7 rats
204 creatures vanquished.

Notes
Turn   | Place    | Note
-------+----------+-------------------------------------------
     0 | D:1      | Amnesiac the Halfling Assassin began the quest for the Orb.
     0 | D:1      | Reached XP level 1. HP: 14/14 MP: 1/1
    16 | D:2      | Reached XP level 2. HP: 14/19 MP: 2/2
   110 | D:2      | Identified a -2 rod of ignition (14/14) (You found it on level 2 of the Dungeon)
   392 | D:2      | Reached XP level 3. HP: 17/24 MP: 3/3
   560 | D:4      | Reached XP level 4. HP: 19/29 MP: 4/4
   729 | D:4      | Found a snail-covered altar of Cheibriados.
   929 | D:4      | Noticed an ogre
   965 | D:4      | Killed an ogre
   965 | D:4      | Reached skill level 5 in Throwing
   965 | D:4      | Reached XP level 5. HP: 29/34 MP: 5/5
  1006 | D:4      | Found a staircase to the Ecumenical Temple.
  1016 | Temple   | Entered the Ecumenical Temple
  1267 | Temple   | Became a worshipper of Warmaster Okawaru
  1551 | D:1      | Reached XP level 6. HP: 18/39 MP: 6/6
  2469 | D:2      | Found a glowing silver altar of Zin.
  2469 | D:2      | Found a sacrificial altar of Ru.
  2470 | D:2      | Found a shadowy altar of Dithmenos.
  2635 | D:2      | Found a bloodstained altar of Trog.
  2838 | D:3      | Noticed Jessica
  3211 | D:3      | Killed Jessica
  3257 | D:3      | Reached XP level 7. HP: 22/44 MP: 7/7
  3351 | D:3      | Found a radiant altar of Vehumet.
  3717 | D:4      | Reached skill level 5 in Short Blades
  4274 | D:4      | Found Baec's Magic Scroll Boutique.
  4277 | D:4      | Bought a scroll of identify for 28 gold pieces
  4278 | D:4      | Bought a scroll of blinking for 105 gold pieces
  4387 | D:5      | Entered Level 5 of the Dungeon
  4730 | D:5      | Reached * piety under Okawaru
  4730 | D:5      | Reached skill level 5 in Stealth
  4945 | D:5      | Reached XP level 8. HP: 46/49 MP: 8/8
  4971 | D:5      | Reached skill level 1 in Shields
  5785 | D:6      | Reached skill level 5 in Shields
  6222 | D:6      | Reached skill level 2 in Dodging
  6800 | D:6      | Reached skill level 3 in Dodging
  6800 | D:6      | Reached XP level 9. HP: 54/54 MP: 9/9
  7563 | D:6      | Reached skill level 4 in Dodging
  7721 | D:7      | Reached skill level 5 in Dodging
  7728 | D:7      | Gained mutation: You regenerate slowly when monsters are visible. [mutagenic meat]
  7737 | D:7      | Gained mutation: You are agile. (Dex +2) [mutagenic meat]
  7810 | D:7      | Reached ** piety under Okawaru
  8161 | D:7      | Reached skill level 6 in Dodging
  8260 | D:7      | Noticed Amnesiac's ghost (novice HaAs)
  8462 | D:8      | Reached skill level 7 in Dodging
  8562 | D:7      | Killed from afar by an orc priest

Vault maps used:
D:1:      lightli_iron_boxes, kennysheep_decorative_pillar
D:2:      minmay_roachtagon, marbit_many_paths, grunt_temple_overflow_open,
          minmay_pentomino_z4
D:3:      vehumet_crystals, corexii_corridor_pit, uniq_jessica
D:4:      kennysheep_mini_moat, serial_shops, shop, first_bread,
          kennysheep_generic_room_13
D:6:      kennysheep_kobold_camp
D:7:      minmay_blocky_corners, grunt_ministairs_1
D:8:      serial_shops, nicolae_shop_competitors_out_of_business,
          grunt_ogre_cave, yredelemnul_altar_generic
Temple:   hc_temple_tempest_star

Skill      XL: |  1  2  3  4  5  6  7  8  9 |
---------------+----------------------------+-----
Throwing       | 3 4 5 6 |  6.0
Short Blades   | 4 6 |  6.0
Stealth        | 6 |  6.1
Shields        | 6 |  6.1
Dodging        | 3 7 |  7.3
Fighting       | |  1.7

Action                   |  1- 3 |  4- 6 |  7- 9 || total
-------------------------+-------+-------+-------++-------
Melee: Dagger            |    41 |   271 |   720 ||  1032
 Fire: Blowgun           |     5 |    30 |    61 ||    96
Throw: Tomahawk          |       |       |     8 ||     8
       Throwing net      |       |       |     1 ||     1
Evoke: Rod               |     2 |     2 |     9 ||    13
  Use: Scroll            |       |     4 |     6 ||    10
       Potion            |       |       |     2 ||     2
 Stab: Sleeping          |     2 |    17 |    12 ||    31
       Distracted        |       |     1 |     1 ||     2
       Held in net/web   |       |       |     1 ||     1
  Eat: Bread ration      |       |     1 |       ||     1
       Chunk             |       |     4 |    29 ||    33
Armor: Robe              |     7 |    37 |    87 ||   131
Dodge: Dodged            |    41 |   147 |   322 ||   510
Block: Buckler           |       |       |   122 ||   122
